ST.LOUIS vs ANAHEIM

Created - March-25-21 at 21:15

Goals
1 2 3 T
ST.LOUIS 1 0 1 2
ANAHEIM 1 1 1 3
Shots
1 2 3 T
ST.LOUIS 3 8 12 23
ANAHEIM 11 10 16 37

1st period

1. ST.LOUIS , Joonas Donskoi 7 (Adam Fox 13, Brett Howden 3) at 1:45
2. ANAHEIM , Patric Hornqvist 10 (Joel Edmundson 12, Jason Zucker 18) at 18:34

Penalties :
Neal Pionk (STL) for Delaying the game (Minor) at 2:07, Eric Fehr (STL) for Tripping (Minor) at 10:13, Joel Edmundson (ANA) for Elbowing (Minor) at 19:11

2nd period

3. ANAHEIM , Connor McDavid 12 (Joel Edmundson 13, Jason Zucker 19) at 5:50

Penalties :
Ryan Johansen (STL) for Charging (Minor) at 18:26

3rd period

4. ST.LOUIS , Johnny Gaudreau 12 (Jeff Carter 7, Brayden McNabb 10) at 1:42
5. ANAHEIM , Zach Sanford 10 (Evgeny Kuznetsov 18, Joel Edmundson 14) at 8:08 (PP)

Penalties :
Brayden McNabb (STL) for Roughing (Minor) at 6:38

Goalie Stats

Semyon Varlamov (STL), 34 saves from 37 shots - (0.919), L, 10-15-4, 59:30 minutes
Juuse Saros (ANA), 21 saves from 23 shots - (0.913), W, 4-1-0, 60:00 minutes

Players Stats for ST.LOUIS

Player Name              G  A  P  +/- PIM S  H  SB GA TA FO     MP     PP MP  PK MP  
------------------------------------------------------------------------------------
Adam Fox                 0  1  1   1  0   0  0  0  0  0  0/0    16:11   0:00   0:27 
Andy Greene              0  0  0   0  0   0  0  3  0  0  0/0    23:37   1:33   3:49 
Blake Lizotte            0  0  0   0  0   0  0  0  0  0  0/0     0:00   0:00   0:00 
Brayden McNabb           0  1  1  -1  2   0  2  0  0  0  0/0    20:11   0:26   3:11 
Brenden Dillon           0  0  0  -1  0   0  4  2  0  0  0/0    20:39   0:26   3:38 
Brett Connolly           0  0  0  -1  0   1  2  0  0  0  0/0    14:52   0:26   0:00 
Brett Howden             0  1  1   1  0   0  0  0  0  0  6/13   11:41   0:00   0:00 
Carl Soderberg           0  0  0  -1  0   3  1  0  0  0  7/23   17:42   0:26   2:50 
Darnell Nurse            0  0  0   0  0   2  4  4  0  0  0/0    23:37   1:33   3:49 
Eric Fehr                0  0  0   0  2   0  0  0  0  0  7/9     6:32   0:00   0:00 
Jaden Schwartz           0  0  0  -1  0   1  1  0  0  0  3/5    17:42   0:26   2:50 
James Neal               0  0  0   1  0   1  1  0  0  0  0/1    13:04   0:00   1:23 
Jeff Carter              0  1  1   0  0   3  2  0  0  0  0/0    19:32   1:33   0:05 
Johnny Gaudreau          1  0  1   0  0   8  1  0  0  0  4/7    23:10   1:33   3:43 
Joonas Donskoi           1  0  1   1  0   3  0  0  0  0  0/0    12:30   0:00   0:49 
Neal Pionk               0  0  0   1  2   0  3  1  0  0  0/0    15:43   0:00   0:00 
Ryan Johansen            0  0  0   0  2   1  1  0  0  0  19/30  22:40   1:33   3:14 
Sam Gagner               0  0  0   0  0   0  0  0  0  0  0/0     6:33   0:00   0:00 
Tim Schaller             0  0  0   0  0   0  0  0  0  0  0/0     6:33   0:00   0:00 

Players Stats for ANAHEIM

Player Name              G  A  P  +/- PIM S  H  SB GA TA FO     MP     PP MP  PK MP  
------------------------------------------------------------------------------------
Andreas Athanasiou       0  0  0   0  0   3  3  1  0  0  1/2    20:03   2:46   0:00 
Andrew Shaw              0  0  0   0  0   0  0  0  0  0  0/1     0:50   0:50   0:00 
Anton Stralman           0  0  0   0  0   1  1  0  0  0  0/0    22:25   3:45   1:23 
Brendan Guhle            0  0  0   0  0   0  3  0  0  0  0/0     5:13   0:00   0:00 
Caleb Jones              0  0  0   0  0   1  0  0  0  0  0/0    13:01   0:00   1:23 
Casey Nelson             0  0  0   0  0   0  2  3  0  0  0/0     5:13   0:00   0:00 
Chris Wagner             0  0  0   0  0   0  0  0  0  0  0/0     0:50   0:50   0:00 
Connor McDavid           1  0  1   1  0   6  0  0  0  0  21/40  23:50   3:59   1:49 
Evgeny Kuznetsov         0  1  1   0  0   3  1  0  0  0  12/22  22:34   2:46   1:49 
Jake McCabe              0  0  0   0  0   1  1  0  0  0  0/0    20:02   3:00   0:36 
Jason Zucker             0  2  2   1  0   4  1  0  0  0  0/0    21:21   3:51   0:10 
Joel Edmundson           0  3  3   0  2   3  5  2  0  0  0/0    21:01   3:45   0:00 
Michael Frolik           0  0  0  -1  0   2  1  0  0  0  0/0    15:57   0:42   0:00 
Mike Green               0  0  0   0  0   1  3  0  0  0  0/0    12:20   0:42   0:00 
Nate Thompson            0  0  0  -1  0   0  3  0  0  0  1/2    15:57   0:00   0:00 
Noah Juulsen             0  0  0   0  0   1  0  0  0  0  0/0     0:42   0:42   0:00 
Patric Hornqvist         1  0  1   1  0   4  3  0  0  0  0/3    21:11   3:51   0:00 
Pierre-Luc Dubois        0  0  0  -1  0   5  0  0  0  0  7/15   15:25   0:00   0:10 
Trevor van Riemsdyk      0  0  0   0  0   1  1  2  0  0  0/0    20:02   3:00   0:36 
Zach Sanford             1  0  1   0  0   1  1  0  0  0  0/3    20:03   2:46   0:00 

3 Stars

1 - Joel Edmundson (ANA)
2 - Patric Hornqvist (ANA)
3 - Jason Zucker (ANA)

Power Play

ST.LOUIS - 0 on 1 Attempt(s) - 0.00%
ANAHEIM - 1 on 4 Attempt(s) - 25.00%

Penalty Kill

ST.LOUIS - 3 on 4 Attempt(s) - 75.00% - Score 0 goal in Penalty Kill
ANAHEIM - 1 on 1 Attempt(s) - 100.00% - Score 0 goal in Penalty Kill

Team Stat

ST.LOUIS - Hits : 22 - Faceoff Wins : 46 - Blocked Shots : 10 - Penalty Minutes : 8
ANAHEIM - Hits : 29 - Faceoff Wins : 42 - Blocked Shots : 8 - Penalty Minutes : 2

Official

Referees : Tom Chmielewski and Dean Morton
Linesman : Jesse Marquis and Shaun Fletcher

Game Notes

No Game Note

Finance

Level 1 -- Attendance: 6000 (100.00%) -- Ticket Income $534,000
Level 2 -- Attendance: 4968 (99.36%) -- Ticket Income $268,272
Level 3 -- Attendance: 1993 (99.65%) -- Ticket Income $55,804
Level 4 -- Attendance: 3353 (83.83%) -- Ticket Income $70,413
Luxury Box -- Attendance: 748 (74.80%) -- Ticket Income $139,128
Game was played at the Honda Center.
Total Attendance: 17062 (94.79%)
Total Ticket Income: $1,067,617
Total Income: $1,067,617

ST.LOUIS

5 vs 5 Forward 
   Center                   Left Wing                Right Wing               Time % Phy DF OF 
 1 Ryan Johansen            Johnny Gaudreau          Jeff Carter              35     1   2  2  
 2 Carl Soderberg           Jaden Schwartz           Brett Connolly           30     1   2  2  
 3 Brett Howden             Joonas Donskoi           James Neal               25     1   2  2  
 4 Eric Fehr                Tim Schaller             Sam Gagner               10     1   2  2  

5 vs 5 Defense 
   Defense                  Defense                                           Time % Phy DF OF 
 1 Darnell Nurse            Andy Greene                                       35     1   2  2  
 2 Brayden McNabb           Brenden Dillon                                    30     1   2  2  
 3 Neal Pionk               Adam Fox                                          25     1   2  2  
 4 Darnell Nurse            Andy Greene                                       10     1   2  2  

PowerPlay Forward 
   Center                   Left Wing                Right Wing               Time % Phy DF OF 
 1 Ryan Johansen            Johnny Gaudreau          Jeff Carter              60     1   2  2  
 2 Carl Soderberg           Jaden Schwartz           Brett Connolly           40     1   2  2  

PowerPlay Defense
   Defense                  Defense                                           Time % Phy DF OF 
 1 Darnell Nurse            Andy Greene                                       60     1   2  2  
 2 Brayden McNabb           Brenden Dillon                                    40     1   2  2  

Penalty Kill 4 Players Forward 
   Center                   Wing                     Time % Phy DF OF 
 1 Johnny Gaudreau          Ryan Johansen            60     1   2  2  
 2 Jaden Schwartz           Carl Soderberg           40     1   2  2  

Penalty Kill 4 Players Defense
   Defense                  Defense                  Time % Phy DF OF 
 1 Darnell Nurse            Andy Greene              60     1   2  2  
 2 Brayden McNabb           Brenden Dillon           40     1   2  2  

Penalty Kill - 3 Players Forward 
   Forward                                           Time % Phy DF OF 
 1 Johnny Gaudreau                                   60     1   2  2  
 2 Ryan Johansen                                     40     1   2  2  

Penalty Kill - 3 Players Defense
   Defense                  Defense                  Time % Phy DF OF 
 1 Darnell Nurse            Andy Greene              60     1   2  2  
 2 Brayden McNabb           Brenden Dillon           40     1   2  2  

4 vs 4 Forward 
   Center                   Wing                     Time % Phy DF OF 
 1 Johnny Gaudreau          Ryan Johansen            60     1   2  2  
 2 Jaden Schwartz           Carl Soderberg           40     1   2  2  

4 vs 4 Defense
   Defense                  Defense                  Time % Phy DF OF 
 1 Darnell Nurse            Andy Greene              60     1   2  2  
 2 Brayden McNabb           Brenden Dillon           40     1   2  2  

Last Minutes Offensive
   Center                   Left Wing                Right Wing               Defense                  Defense                  
   Ryan Johansen            Johnny Gaudreau          Jeff Carter              Darnell Nurse            Andy Greene              

Last Minutes Defensive
   Center                   Left Wing                Right Wing               Defense                  Defense                  
   Ryan Johansen            Johnny Gaudreau          Jeff Carter              Darnell Nurse            Andy Greene              

Goaltenders
Starting : Semyon Varlamov          
Backup : Elvis Merzlikins         

Extra Forwards
Normal : Blake Lizotte, Joonas Donskoi, James Neal - PP : Blake Lizotte, Joonas Donskoi - PK : James Neal
Extra Defensemen
Normal : Neal Pionk, Adam Fox, Brayden McNabb - PP : Neal Pionk - PK : Adam Fox, Brayden McNabb
Penalty Shots
Johnny Gaudreau, Ryan Johansen, Jaden Schwartz, Carl Soderberg, Jeff Carter

Scratches
STL Cap Hit (Suspend), Nick Ritchie (Healthy)

ANAHEIM

5 vs 5 Forward 
   Center                   Left Wing                Right Wing               Time % Phy DF OF 
 1 Connor McDavid           Jason Zucker             Patric Hornqvist         35     1   2  2  
 2 Evgeny Kuznetsov         Andreas Athanasiou       Zach Sanford             30     1   2  2  
 3 Pierre-Luc Dubois        Michael Frolik           Nate Thompson            25     1   2  2  
 4 Nate Thompson            Connor McDavid           Evgeny Kuznetsov         10     1   2  2  

5 vs 5 Defense 
   Defense                  Defense                                           Time % Phy DF OF 
 1 Joel Edmundson           Anton Stralman                                    35     1   2  2  
 2 Jake McCabe              Trevor van Riemsdyk                               30     1   2  2  
 3 Caleb Jones              Mike Green                                        25     1   2  2  
 4 Brendan Guhle            Casey Nelson                                      10     1   2  2  

PowerPlay Forward 
   Center                   Left Wing                Right Wing               Time % Phy DF OF 
 1 Connor McDavid           Jason Zucker             Patric Hornqvist         60     1   2  2  
 2 Evgeny Kuznetsov         Andreas Athanasiou       Zach Sanford             40     1   2  2  

PowerPlay Defense
   Defense                  Defense                                           Time % Phy DF OF 
 1 Joel Edmundson           Anton Stralman                                    60     1   2  2  
 2 Jake McCabe              Trevor van Riemsdyk                               40     1   2  2  

Penalty Kill 4 Players Forward 
   Center                   Wing                     Time % Phy DF OF 
 1 Connor McDavid           Evgeny Kuznetsov         60     1   2  2  
 2 Pierre-Luc Dubois        Jason Zucker             40     1   2  2  

Penalty Kill 4 Players Defense
   Defense                  Defense                  Time % Phy DF OF 
 1 Joel Edmundson           Anton Stralman           60     1   2  2  
 2 Jake McCabe              Trevor van Riemsdyk      40     1   2  2  

Penalty Kill - 3 Players Forward 
   Forward                                           Time % Phy DF OF 
 1 Connor McDavid                                    60     1   2  2  
 2 Evgeny Kuznetsov                                  40     1   2  2  

Penalty Kill - 3 Players Defense
   Defense                  Defense                  Time % Phy DF OF 
 1 Joel Edmundson           Anton Stralman           60     1   2  2  
 2 Jake McCabe              Trevor van Riemsdyk      40     1   2  2  

4 vs 4 Forward 
   Center                   Wing                     Time % Phy DF OF 
 1 Connor McDavid           Evgeny Kuznetsov         60     1   2  2  
 2 Pierre-Luc Dubois        Jason Zucker             40     1   2  2  

4 vs 4 Defense
   Defense                  Defense                  Time % Phy DF OF 
 1 Joel Edmundson           Anton Stralman           60     1   2  2  
 2 Jake McCabe              Trevor van Riemsdyk      40     1   2  2  

Last Minutes Offensive
   Center                   Left Wing                Right Wing               Defense                  Defense                  
   Connor McDavid           Jason Zucker             Patric Hornqvist         Joel Edmundson           Anton Stralman           

Last Minutes Defensive
   Center                   Left Wing                Right Wing               Defense                  Defense                  
   Connor McDavid           Jason Zucker             Patric Hornqvist         Joel Edmundson           Anton Stralman           

Goaltenders
Starting : Juuse Saros              
Backup : Cam Talbot               

Extra Forwards
Normal : Andrew Shaw, Chris Wagner, Michael Frolik - PP : Andrew Shaw, Chris Wagner - PK : Michael Frolik
Extra Defensemen
Normal : Noah Juulsen, Caleb Jones, Mike Green - PP : Noah Juulsen - PK : Caleb Jones, Mike Green
Penalty Shots
Connor McDavid, Evgeny Kuznetsov, Pierre-Luc Dubois, Jason Zucker, Patric Hornqvist

Scratches
None


% Time on Ice - ST.LOUIS

Lines # - Real PCT - Wanted PCT - Time Play
Normal Forward
1 - 34% - 35% - 17:02
2 - 29% - 30% - 14:26
3 - 24% - 25% - 11:41
4 - 13% - 10% - 6:33
Normal Defense
1 - 32% - 35% - 15:52
2 - 33% - 30% - 16:35
3 - 32% - 25% - 15:44
4 - 3% - 10% - 1:31
PP Forward
1 - 78% - 60% - 1:33
2 - 22% - 40% - 0:26
PP Defense
1 - 78% - 60% - 1:33
2 - 22% - 40% - 0:26
PK Forward
1 - 59% - 60% - 4:24
2 - 41% - 40% - 3:03
PK Defense
1 - 51% - 60% - 3:49
2 - 49% - 40% - 3:38
PK3 Forward
1 - 0% - 60%
2 - 0% - 40%
PK3 Defense
1 - 0% - 60%
2 - 0% - 40%
44 Forward
1 - 0% - 60%
2 - 0% - 40%
44 Defense
1 - 0% - 60%
2 - 0% - 40%
Last Minute Offensive  - 0:52
Last Minute Defensive  - 0:00
Total
Forward - 60:00
Defense - 60:00

% Time on Ice - ANAHEIM

Lines # - Real PCT - Wanted PCT - Time Play
Normal Forward
1 - 33% - 35% - 16:28
2 - 35% - 30% - 17:17
3 - 31% - 25% - 15:15
4 - 1% - 10% - 0:42
Normal Defense
1 - 33% - 35% - 16:25
2 - 33% - 30% - 16:26
3 - 23% - 25% - 11:38
4 - 10% - 10% - 5:13
PP Forward
1 - 63% - 60% - 4:41
2 - 37% - 40% - 2:46
PP Defense
1 - 50% - 60% - 3:45
2 - 50% - 40% - 3:42
PK Forward
1 - 92% - 60% - 1:49
2 - 8% - 40% - 0:10
PK Defense
1 - 70% - 60% - 1:23
2 - 30% - 40% - 0:36
PK3 Forward
1 - 0% - 60%
2 - 0% - 40%
PK3 Defense
1 - 0% - 60%
2 - 0% - 40%
44 Forward
1 - 0% - 60%
2 - 0% - 40%
44 Defense
1 - 0% - 60%
2 - 0% - 40%
Last Minute Offensive  - 0:00
Last Minute Defensive  - 0:52
Total
Forward - 60:00
Defense - 60:00

Play-by-Play

1st period


0:01 of 1st period - Ryan Johansen wins face-off versus Connor McDavid in neutral zone.
0:15 of 1st period - Off-side.
0:16 of 1st period - Andreas Athanasiou wins face-off versus Carl Soderberg in neutral zone.
0:24 of 1st period - Andreas Athanasiou is hit by Brenden Dillon and loses puck.
0:28 of 1st period - Icing by Brenden Dillon.
0:29 of 1st period - Carl Soderberg wins face-off versus Pierre-Luc Dubois in ST.LOUIS zone.
0:40 of 1st period - Michael Frolik is hit by Brett Connolly and loses puck.
0:52 of 1st period - Michael Frolik is hit by Brayden McNabb and loses puck.
1:24 of 1st period - Icing by Neal Pionk.
1:25 of 1st period - Evgeny Kuznetsov wins face-off versus Brett Howden in ST.LOUIS zone.
1:31 of 1st period - Icing by Neal Pionk.
1:32 of 1st period - Brett Howden wins face-off versus Connor McDavid in ST.LOUIS zone.
1:45 of 1st period - Shot by Joonas Donskoi.
1:45 of 1st period - Goal by Joonas Donskoi - ST.LOUIS : 1 - ANAHEIM : 0.
1:46 of 1st period - Evgeny Kuznetsov wins face-off versus Ryan Johansen in neutral zone.
1:48 of 1st period - Trevor van Riemsdyk is hit by Darnell Nurse and loses puck.
2:00 of 1st period - Shot by Evgeny Kuznetsov.
2:00 of 1st period - Stopped by Semyon Varlamov without a rebound.
2:01 of 1st period - Connor McDavid wins face-off versus Eric Fehr in ST.LOUIS zone.
2:07 of 1st period - Minor Penalty to Neal Pionk for Delaying the game.
2:08 of 1st period - Johnny Gaudreau wins face-off versus Connor McDavid in ST.LOUIS zone.
2:08 of 1st period - Johnny Gaudreau is hit by Patric Hornqvist.
3:13 of 1st period - Shot by Trevor van Riemsdyk.
3:13 of 1st period - Deflect By Zach Sanford.
3:13 of 1st period - Shot Misses the Net.
3:18 of 1st period - Evgeny Kuznetsov is hit by Darnell Nurse and loses puck.
3:23 of 1st period - Shot by Andreas Athanasiou.
3:23 of 1st period - Shot Misses the Net.
3:25 of 1st period - Shot by Jake McCabe.
3:25 of 1st period - Shot Blocked by Darnell Nurse.
3:29 of 1st period - Shot by Trevor van Riemsdyk.
3:29 of 1st period - Shot Blocked by Andy Greene.
3:31 of 1st period - Shot by Trevor van Riemsdyk.
3:31 of 1st period - Stopped by Semyon Varlamov without a rebound.
3:32 of 1st period - Connor McDavid wins face-off versus Johnny Gaudreau in ST.LOUIS zone.
4:21 of 1st period - Eric Fehr is hit by Casey Nelson and loses puck.
4:38 of 1st period - Shot by Sam Gagner.
4:38 of 1st period - Shot Misses the Net.
4:40 of 1st period - Shot by Sam Gagner.
4:40 of 1st period - Shot Blocked by Casey Nelson.
4:42 of 1st period - Shot by Eric Fehr.
4:42 of 1st period - Shot Blocked by Casey Nelson.
4:54 of 1st period - Andy Greene is hit by Nate Thompson and loses puck.
5:07 of 1st period - Andy Greene is hit by Evgeny Kuznetsov and loses puck.
5:16 of 1st period - Shot by Evgeny Kuznetsov.
5:16 of 1st period - Shot Misses the Net.
5:26 of 1st period - Darnell Nurse is hit by Andreas Athanasiou and loses puck.
5:31 of 1st period - Shot by Evgeny Kuznetsov.
5:31 of 1st period - Deflect By Zach Sanford.
5:31 of 1st period - Shot Blocked by Andy Greene.
5:33 of 1st period - Shot by Zach Sanford.
5:33 of 1st period - Shot Blocked by Darnell Nurse.
5:39 of 1st period - Shot by Evgeny Kuznetsov.
5:39 of 1st period - Shot Blocked by Andy Greene.
5:46 of 1st period - Icing by Darnell Nurse.
5:47 of 1st period - Connor McDavid wins face-off versus Brett Howden in ST.LOUIS zone.
5:48 of 1st period - Shot by Jason Zucker.
5:48 of 1st period - Shot Misses the Net.
5:50 of 1st period - Shot by Connor McDavid.
5:50 of 1st period - Shot Blocked by Darnell Nurse.
5:52 of 1st period - Shot by Patric Hornqvist.
5:52 of 1st period - Shot Misses the Net.
5:54 of 1st period - Shot by Patric Hornqvist.
5:54 of 1st period - Stopped by Semyon Varlamov without a rebound.
5:55 of 1st period - Ryan Johansen wins face-off versus Connor McDavid in ST.LOUIS zone.
5:59 of 1st period - Off-side.
6:00 of 1st period - Ryan Johansen wins face-off versus Nate Thompson in neutral zone.
6:13 of 1st period - Shot by Evgeny Kuznetsov.
6:13 of 1st period - Shot Misses the Net.
6:15 of 1st period - Shot by Anton Stralman.
6:15 of 1st period - Shot Blocked by Brenden Dillon.
6:52 of 1st period - Icing by Trevor van Riemsdyk.
6:53 of 1st period - Connor McDavid wins face-off versus Carl Soderberg in ANAHEIM zone.
7:18 of 1st period - Shot by Carl Soderberg.
7:18 of 1st period - Stopped by Juuse Saros without a rebound.
7:19 of 1st period - Brett Howden wins face-off versus Evgeny Kuznetsov in ANAHEIM zone.
8:05 of 1st period - Andy Greene is hit by Joel Edmundson.
8:22 of 1st period - Icing by Brenden Dillon.
8:23 of 1st period - Connor McDavid wins face-off versus Ryan Johansen in ST.LOUIS zone.
8:26 of 1st period - Shot by Patric Hornqvist.
8:26 of 1st period - Shot Misses the Net.
10:08 of 1st period - Sam Gagner is hit by Joel Edmundson.
10:13 of 1st period - Minor Penalty to Eric Fehr for Tripping.
10:14 of 1st period - Johnny Gaudreau wins face-off versus Andreas Athanasiou in ST.LOUIS zone.
11:09 of 1st period - Icing by Andrew Shaw.
11:10 of 1st period - Ryan Johansen wins face-off versus Andrew Shaw in ANAHEIM zone.
11:42 of 1st period - Shot by Noah Juulsen.
11:42 of 1st period - Stopped by Semyon Varlamov without a rebound.
11:43 of 1st period - Jaden Schwartz wins face-off versus Connor McDavid in ST.LOUIS zone.
12:18 of 1st period - Shot by Zach Sanford.
12:18 of 1st period - Deflect By Evgeny Kuznetsov.
12:18 of 1st period - Stopped by Semyon Varlamov without a rebound.
12:19 of 1st period - Brett Howden wins face-off versus Evgeny Kuznetsov in ST.LOUIS zone.
12:43 of 1st period - Off-side.
12:44 of 1st period - Carl Soderberg wins face-off versus Pierre-Luc Dubois in neutral zone.
12:58 of 1st period - Shot by Michael Frolik.
12:58 of 1st period - Stopped by Semyon Varlamov with a rebound.
13:00 of 1st period - Shot by Michael Frolik.
13:00 of 1st period - Shot Misses the Net.
13:15 of 1st period - Pierre-Luc Dubois is hit by Neal Pionk and loses puck.
13:20 of 1st period - Shot by Pierre-Luc Dubois.
13:20 of 1st period - Stopped by Semyon Varlamov without a rebound.
13:21 of 1st period - Brett Howden wins face-off versus Connor McDavid in ST.LOUIS zone.
13:50 of 1st period - Patric Hornqvist is hit by Darnell Nurse and loses puck.
13:59 of 1st period - Shot by Jason Zucker.
13:59 of 1st period - Shot Misses the Net.
15:03 of 1st period - Johnny Gaudreau is hit by Joel Edmundson and loses puck.
15:28 of 1st period - Shot by Michael Frolik.
15:28 of 1st period - Shot Blocked by Brenden Dillon.
15:50 of 1st period - Shot by Connor McDavid.
15:50 of 1st period - Shot Blocked by Neal Pionk.
15:52 of 1st period - Shot by Connor McDavid.
15:52 of 1st period - Shot Misses the Net.
16:19 of 1st period - Neal Pionk is hit by Andreas Athanasiou and loses puck.
16:26 of 1st period - Shot by Andreas Athanasiou.
16:26 of 1st period - Shot Misses the Net.
16:36 of 1st period - Shot by Andreas Athanasiou.
16:36 of 1st period - Stopped by Semyon Varlamov without a rebound.
16:37 of 1st period - Eric Fehr wins face-off versus Pierre-Luc Dubois in ST.LOUIS zone.
16:37 of 1st period - Eric Fehr is hit by Nate Thompson.
16:43 of 1st period - Shot by Darnell Nurse.
16:43 of 1st period - Shot Blocked by Trevor van Riemsdyk.
17:55 of 1st period - Icing by Adam Fox.
17:56 of 1st period - Connor McDavid wins face-off versus Brett Howden in ST.LOUIS zone.
18:30 of 1st period - Shot by Connor McDavid.
18:30 of 1st period - Deflect By Jason Zucker.
18:30 of 1st period - Shot Misses the Net.
18:32 of 1st period - Shot by Joel Edmundson.
18:32 of 1st period - Shot Misses the Net.
18:34 of 1st period - Shot by Patric Hornqvist.
18:34 of 1st period - Goal by Patric Hornqvist - ST.LOUIS : 1 - ANAHEIM : 1.
18:35 of 1st period - Evgeny Kuznetsov wins face-off versus Carl Soderberg in neutral zone.
18:42 of 1st period - Shot by Evgeny Kuznetsov.
18:42 of 1st period - Shot Misses the Net.
18:44 of 1st period - Shot by Caleb Jones.
18:44 of 1st period - Stopped by Semyon Varlamov without a rebound.
18:45 of 1st period - Eric Fehr wins face-off versus Zach Sanford in ST.LOUIS zone.
19:04 of 1st period - Shot by Andreas Athanasiou.
19:04 of 1st period - Stopped by Semyon Varlamov without a rebound.
19:05 of 1st period - Ryan Johansen wins face-off versus Connor McDavid in ST.LOUIS zone.
19:10 of 1st period - Shot by Johnny Gaudreau.
19:10 of 1st period - Shot Misses the Net.
19:11 of 1st period - Minor Penalty to Joel Edmundson for Elbowing.
19:12 of 1st period - Ryan Johansen wins face-off versus Connor McDavid in ANAHEIM zone.
19:43 of 1st period - Shot by Jeff Carter.
19:43 of 1st period - Stopped by Juuse Saros without a rebound.
19:44 of 1st period - Connor McDavid wins face-off versus Carl Soderberg in ANAHEIM zone.
Goals for this period are 1 for ST.LOUIS vs 1 for ANAHEIM.
Shots for this period are 3 for ST.LOUIS vs 11 for ANAHEIM.

2nd period


0:01 of 2nd period - Connor McDavid wins face-off versus Ryan Johansen in neutral zone.
0:09 of 2nd period - Off-side.
0:10 of 2nd period - Evgeny Kuznetsov wins face-off versus Ryan Johansen in neutral zone.
0:35 of 2nd period - Icing by Andy Greene.
0:36 of 2nd period - Connor McDavid wins face-off versus Ryan Johansen in ST.LOUIS zone.
1:00 of 2nd period - Shot by Pierre-Luc Dubois.
1:00 of 2nd period - Stopped by Semyon Varlamov without a rebound.
1:01 of 2nd period - Connor McDavid wins face-off versus Carl Soderberg in ST.LOUIS zone.
1:01 of 2nd period - Anton Stralman is hit by Brayden McNabb and loses puck.
1:25 of 2nd period - Neal Pionk is hit by Brendan Guhle and loses puck.
1:47 of 2nd period - Joonas Donskoi is hit by Brendan Guhle and loses puck.
2:05 of 2nd period - Carl Soderberg is hit by Casey Nelson.
2:22 of 2nd period - Jaden Schwartz is hit by Brendan Guhle and loses puck.
2:25 of 2nd period - Shot by Carl Soderberg.
2:25 of 2nd period - Shot Misses the Net.
2:29 of 2nd period - Shot by Jaden Schwartz.
2:29 of 2nd period - Shot Hit the Post.
2:45 of 2nd period - Shot by Ryan Johansen.
2:45 of 2nd period - Deflect By Johnny Gaudreau.
2:45 of 2nd period - Stopped by Juuse Saros without a rebound.
2:46 of 2nd period - Connor McDavid wins face-off versus Ryan Johansen in ANAHEIM zone.
3:02 of 2nd period - Icing by Darnell Nurse.
3:03 of 2nd period - Ryan Johansen wins face-off versus Evgeny Kuznetsov in ST.LOUIS zone.
3:20 of 2nd period - Shot by Johnny Gaudreau.
3:20 of 2nd period - Stopped by Juuse Saros with a rebound.
3:22 of 2nd period - Shot by Johnny Gaudreau.
3:22 of 2nd period - Shot Blocked by Andreas Athanasiou.
3:24 of 2nd period - Shot by Johnny Gaudreau.
3:24 of 2nd period - Stopped by Juuse Saros without a rebound.
3:25 of 2nd period - Connor McDavid wins face-off versus Carl Soderberg in ANAHEIM zone.
3:57 of 2nd period - Jaden Schwartz is hit by Joel Edmundson and loses puck.
4:34 of 2nd period - Zach Sanford is hit by James Neal and loses puck.
4:54 of 2nd period - Icing by Caleb Jones.
4:55 of 2nd period - Ryan Johansen wins face-off versus Evgeny Kuznetsov in ANAHEIM zone.
5:22 of 2nd period - Shot by Michael Frolik.
5:22 of 2nd period - Stopped by Semyon Varlamov without a rebound.
5:23 of 2nd period - Pierre-Luc Dubois wins face-off versus Carl Soderberg in ST.LOUIS zone.
5:31 of 2nd period - Icing by Carl Soderberg.
5:32 of 2nd period - Carl Soderberg wins face-off versus Connor McDavid in ST.LOUIS zone.
5:32 of 2nd period - Carl Soderberg is hit by Patric Hornqvist.
5:46 of 2nd period - Shot by Connor McDavid.
5:46 of 2nd period - Shot Misses the Net.
5:48 of 2nd period - Shot by Joel Edmundson.
5:48 of 2nd period - Shot Misses the Net.
5:50 of 2nd period - Shot by Connor McDavid.
5:50 of 2nd period - The goal is going for a video replay.
5:50 of 2nd period - The goal is good.
5:50 of 2nd period - Goal by Connor McDavid - ST.LOUIS : 1 - ANAHEIM : 2.
5:51 of 2nd period - Nate Thompson wins face-off versus Ryan Johansen in neutral zone.
6:13 of 2nd period - Ryan Johansen is hit by Trevor van Riemsdyk and loses puck.
6:23 of 2nd period - Off-side.
6:24 of 2nd period - Carl Soderberg wins face-off versus Connor McDavid in neutral zone.
6:33 of 2nd period - Shot by Brett Connolly.
6:33 of 2nd period - Stopped by Juuse Saros without a rebound.
6:34 of 2nd period - Eric Fehr wins face-off versus Evgeny Kuznetsov in ANAHEIM zone.
6:34 of 2nd period - Adam Fox is hit by Mike Green and loses puck.
7:06 of 2nd period - Shot by Zach Sanford.
7:06 of 2nd period - Shot Misses the Net.
7:08 of 2nd period - Shot by Mike Green.
7:08 of 2nd period - Stopped by Semyon Varlamov with a rebound.
7:10 of 2nd period - Shot by Andreas Athanasiou.
7:10 of 2nd period - Shot Misses the Net.
7:12 of 2nd period - Shot by Zach Sanford.
7:12 of 2nd period - Deflect By Andreas Athanasiou.
7:12 of 2nd period - Stopped by Semyon Varlamov without a rebound.
7:13 of 2nd period - Ryan Johansen wins face-off versus Patric Hornqvist in ST.LOUIS zone.
7:39 of 2nd period - Shot by Connor McDavid.
7:39 of 2nd period - Shot Blocked by Darnell Nurse.
7:41 of 2nd period - Shot by Jason Zucker.
7:41 of 2nd period - Deflect By Connor McDavid.
7:41 of 2nd period - Stopped by Semyon Varlamov without a rebound.
7:42 of 2nd period - Pierre-Luc Dubois wins face-off versus Carl Soderberg in ST.LOUIS zone.
8:44 of 2nd period - Jaden Schwartz is hit by Zach Sanford and loses puck.
8:54 of 2nd period - Off-side.
8:55 of 2nd period - Ryan Johansen wins face-off versus Connor McDavid in neutral zone.
8:55 of 2nd period - Ryan Johansen is hit by Patric Hornqvist.
9:09 of 2nd period - Johnny Gaudreau is hit by Mike Green and loses puck.
9:22 of 2nd period - Shot by Jeff Carter.
9:22 of 2nd period - Stopped by Juuse Saros without a rebound.
9:23 of 2nd period - Evgeny Kuznetsov wins face-off versus Brett Howden in ANAHEIM zone.
9:37 of 2nd period - Brett Howden is hit by Anton Stralman and loses puck.
10:36 of 2nd period - Shot by Jake McCabe.
10:36 of 2nd period - Stopped by Semyon Varlamov without a rebound.
10:37 of 2nd period - Eric Fehr wins face-off versus Pierre-Luc Dubois in ST.LOUIS zone.
12:00 of 2nd period - Icing by Andy Greene.
12:01 of 2nd period - Evgeny Kuznetsov wins face-off versus Carl Soderberg in ST.LOUIS zone.
13:35 of 2nd period - Shot by Jeff Carter.
13:35 of 2nd period - Shot Misses the Net.
13:37 of 2nd period - Shot by Johnny Gaudreau.
13:37 of 2nd period - Stopped by Juuse Saros without a rebound.
13:38 of 2nd period - Pierre-Luc Dubois wins face-off versus Brett Howden in ANAHEIM zone.
13:49 of 2nd period - Shot by Pierre-Luc Dubois.
13:49 of 2nd period - Stopped by Semyon Varlamov without a rebound.
13:50 of 2nd period - Eric Fehr wins face-off versus Pierre-Luc Dubois in ST.LOUIS zone.
13:52 of 2nd period - Icing by Brayden McNabb.
13:53 of 2nd period - Pierre-Luc Dubois wins face-off versus Eric Fehr in ST.LOUIS zone.
13:53 of 2nd period - Anton Stralman is hit by Brenden Dillon and loses puck.
14:00 of 2nd period - Brenden Dillon is hit by Michael Frolik and loses puck.
14:10 of 2nd period - Pierre-Luc Dubois is hit by Brenden Dillon and loses puck.
15:09 of 2nd period - Shot by Johnny Gaudreau.
15:09 of 2nd period - Shot Misses the Net.
15:17 of 2nd period - Shot by Johnny Gaudreau.
15:17 of 2nd period - Stopped by Juuse Saros without a rebound.
15:18 of 2nd period - Evgeny Kuznetsov wins face-off versus Brett Howden in ANAHEIM zone.
15:31 of 2nd period - Shot by Joonas Donskoi.
15:31 of 2nd period - Shot Misses the Net.
16:18 of 2nd period - Shot by Brett Connolly.
16:18 of 2nd period - Deflect By Carl Soderberg.
16:18 of 2nd period - Stopped by Juuse Saros without a rebound.
16:19 of 2nd period - Connor McDavid wins face-off versus Ryan Johansen in ANAHEIM zone.
16:23 of 2nd period - Patric Hornqvist is hit by Neal Pionk and loses puck.
16:48 of 2nd period - Trevor van Riemsdyk is hit by Ryan Johansen and loses puck.
17:38 of 2nd period - Pierre-Luc Dubois is hit by Neal Pionk and loses puck.
18:17 of 2nd period - Shot by Zach Sanford.
18:17 of 2nd period - Shot Misses the Net.
18:26 of 2nd period - Minor Penalty to Ryan Johansen for Charging.
18:27 of 2nd period - Evgeny Kuznetsov wins face-off versus Jaden Schwartz in ST.LOUIS zone.
18:32 of 2nd period - Shot by Joel Edmundson.
18:32 of 2nd period - Stopped by Semyon Varlamov with a rebound.
19:21 of 2nd period - Shot by Jason Zucker.
19:21 of 2nd period - Stopped by Semyon Varlamov without a rebound.
19:22 of 2nd period - Jaden Schwartz wins face-off versus Connor McDavid in ST.LOUIS zone.
Goals for this period are 0 for ST.LOUIS vs 1 for ANAHEIM.
Shots for this period are 8 for ST.LOUIS vs 10 for ANAHEIM.

3rd period


0:01 of 3rd period - Connor McDavid wins face-off versus Johnny Gaudreau in neutral zone.
0:05 of 3rd period - Joel Edmundson is hit by Darnell Nurse.
0:14 of 3rd period - Shot by Joel Edmundson.
0:14 of 3rd period - Stopped by Semyon Varlamov without a rebound.
0:15 of 3rd period - Evgeny Kuznetsov wins face-off versus Johnny Gaudreau in ST.LOUIS zone.
0:26 of 3rd period - Shot by Jake McCabe.
0:26 of 3rd period - Deflect By Pierre-Luc Dubois.
0:26 of 3rd period - Stopped by Semyon Varlamov without a rebound.
0:27 of 3rd period - Connor McDavid wins face-off versus Carl Soderberg in ST.LOUIS zone.
0:33 of 3rd period - Icing by Andy Greene.
0:34 of 3rd period - Connor McDavid wins face-off versus Carl Soderberg in ST.LOUIS zone.
0:55 of 3rd period - Shot by Connor McDavid.
0:55 of 3rd period - Stopped by Semyon Varlamov with a rebound.
0:57 of 3rd period - Shot by Connor McDavid.
0:57 of 3rd period - Stopped by Semyon Varlamov with a rebound.
0:59 of 3rd period - Shot by Joel Edmundson.
0:59 of 3rd period - Stopped by Semyon Varlamov without a rebound.
1:00 of 3rd period - Ryan Johansen wins face-off versus Evgeny Kuznetsov in ST.LOUIS zone.
1:09 of 3rd period - Brenden Dillon is hit by Andreas Athanasiou and loses puck.
1:17 of 3rd period - Icing by Jeff Carter.
1:18 of 3rd period - Ryan Johansen wins face-off versus Pierre-Luc Dubois in ST.LOUIS zone.
1:25 of 3rd period - Anton Stralman is hit by Jeff Carter and loses puck.
1:42 of 3rd period - Shot by Johnny Gaudreau.
1:42 of 3rd period - Goal by Johnny Gaudreau - ST.LOUIS : 2 - ANAHEIM : 2.
1:43 of 3rd period - Connor McDavid wins face-off versus Carl Soderberg in neutral zone.
1:43 of 3rd period - Jason Zucker is hit by Carl Soderberg and loses puck.
2:43 of 3rd period - Shot by Neal Pionk.
2:43 of 3rd period - Shot Hit the Post.
2:55 of 3rd period - Shot by Joonas Donskoi.
2:55 of 3rd period - Deflect By James Neal.
2:55 of 3rd period - Stopped by Juuse Saros without a rebound.
2:56 of 3rd period - Pierre-Luc Dubois wins face-off versus Ryan Johansen in ANAHEIM zone.
3:25 of 3rd period - Shot by Johnny Gaudreau.
3:25 of 3rd period - Deflect By Ryan Johansen.
3:25 of 3rd period - Shot Misses the Net.
4:15 of 3rd period - Icing by Neal Pionk.
4:16 of 3rd period - Eric Fehr wins face-off versus Connor McDavid in ST.LOUIS zone.
4:16 of 3rd period - Eric Fehr is hit by Jason Zucker.
4:23 of 3rd period - Icing by Jake McCabe.
4:24 of 3rd period - Connor McDavid wins face-off versus Carl Soderberg in ANAHEIM zone.
4:35 of 3rd period - Shot by Connor McDavid.
4:35 of 3rd period - Stopped by Semyon Varlamov without a rebound.
4:36 of 3rd period - Ryan Johansen wins face-off versus Evgeny Kuznetsov in ST.LOUIS zone.
4:59 of 3rd period - Icing by Anton Stralman.
5:00 of 3rd period - Carl Soderberg wins face-off versus Zach Sanford in ANAHEIM zone.
6:37 of 3rd period - Jason Zucker is hit by Brenden Dillon and loses puck.
6:38 of 3rd period - Minor Penalty to Brayden McNabb for Roughing.
6:39 of 3rd period - Connor McDavid wins face-off versus James Neal in ST.LOUIS zone.
7:03 of 3rd period - Shot by Jason Zucker.
7:03 of 3rd period - Stopped by Semyon Varlamov without a rebound.
7:04 of 3rd period - Jaden Schwartz wins face-off versus Connor McDavid in ST.LOUIS zone.
7:09 of 3rd period - Shot by Joel Edmundson.
7:09 of 3rd period - Shot Misses the Net.
7:11 of 3rd period - Shot by Anton Stralman.
7:11 of 3rd period - Stopped by Semyon Varlamov without a rebound.
7:12 of 3rd period - Johnny Gaudreau wins face-off versus Patric Hornqvist in ST.LOUIS zone.
7:36 of 3rd period - Shot by Connor McDavid.
7:36 of 3rd period - Deflect By Patric Hornqvist.
7:36 of 3rd period - Stopped by Semyon Varlamov with a rebound.
7:38 of 3rd period - Shot by Patric Hornqvist.
7:38 of 3rd period - Stopped by Semyon Varlamov without a rebound.
7:39 of 3rd period - Evgeny Kuznetsov wins face-off versus Jaden Schwartz in ST.LOUIS zone.
8:06 of 3rd period - Shot by Evgeny Kuznetsov.
8:06 of 3rd period - Stopped by Semyon Varlamov with a rebound.
8:08 of 3rd period - Shot by Zach Sanford.
8:08 of 3rd period - Goal by Zach Sanford - ST.LOUIS : 2 - ANAHEIM : 3.
8:09 of 3rd period - Pierre-Luc Dubois wins face-off versus Brett Howden in neutral zone.
9:13 of 3rd period - Shot by Jason Zucker.
9:13 of 3rd period - Shot Misses the Net.
9:40 of 3rd period - Off-side.
9:41 of 3rd period - Ryan Johansen wins face-off versus Evgeny Kuznetsov in neutral zone.
9:51 of 3rd period - Ryan Johansen is hit by Joel Edmundson and loses puck.
9:54 of 3rd period - Shot by Ryan Johansen.
9:54 of 3rd period - Shot Misses the Net.
9:56 of 3rd period - Shot by Andy Greene.
9:56 of 3rd period - Shot Blocked by Joel Edmundson.
9:58 of 3rd period - Shot by Johnny Gaudreau.
9:58 of 3rd period - Stopped by Juuse Saros without a rebound.
9:59 of 3rd period - Evgeny Kuznetsov wins face-off versus Carl Soderberg in ANAHEIM zone.
10:27 of 3rd period - Evgeny Kuznetsov is hit by Brett Connolly and loses puck.
10:34 of 3rd period - Shot by Jaden Schwartz.
10:34 of 3rd period - Shot Blocked by Trevor van Riemsdyk.
12:21 of 3rd period - Shot by Joonas Donskoi.
12:21 of 3rd period - Stopped by Juuse Saros with a rebound.
12:39 of 3rd period - Off-side.
12:40 of 3rd period - Carl Soderberg wins face-off versus Evgeny Kuznetsov in neutral zone.
13:01 of 3rd period - Shot by Jaden Schwartz.
13:01 of 3rd period - Deflect By Brett Connolly.
13:01 of 3rd period - Shot Misses the Net.
13:03 of 3rd period - Shot by Carl Soderberg.
13:03 of 3rd period - Shot Blocked by Casey Nelson.
13:07 of 3rd period - Shot by Jaden Schwartz.
13:07 of 3rd period - Deflect By Carl Soderberg.
13:07 of 3rd period - Stopped by Juuse Saros without a rebound.
13:08 of 3rd period - Eric Fehr wins face-off versus Pierre-Luc Dubois in ANAHEIM zone.
13:25 of 3rd period - Shot by Pierre-Luc Dubois.
13:25 of 3rd period - Stopped by Semyon Varlamov without a rebound.
13:26 of 3rd period - Ryan Johansen wins face-off versus Pierre-Luc Dubois in ST.LOUIS zone.
13:26 of 3rd period - Ryan Johansen is hit by Nate Thompson.
13:38 of 3rd period - Johnny Gaudreau is hit by Mike Green and loses puck.
13:49 of 3rd period - Shot by Johnny Gaudreau.
13:49 of 3rd period - Stopped by Juuse Saros without a rebound.
13:50 of 3rd period - Brett Howden wins face-off versus Zach Sanford in ANAHEIM zone.
14:23 of 3rd period - Shot by Joonas Donskoi.
14:23 of 3rd period - Stopped by Juuse Saros without a rebound.
14:24 of 3rd period - Connor McDavid wins face-off versus Ryan Johansen in ANAHEIM zone.
14:24 of 3rd period - Connor McDavid is hit by Jeff Carter.
14:34 of 3rd period - Shot by Connor McDavid.
14:34 of 3rd period - Stopped by Semyon Varlamov without a rebound.
14:35 of 3rd period - Pierre-Luc Dubois wins face-off versus Carl Soderberg in ST.LOUIS zone.
14:52 of 3rd period - Off-side.
14:53 of 3rd period - Connor McDavid wins face-off versus Ryan Johansen in neutral zone.
15:29 of 3rd period - Shot by Jason Zucker.
15:29 of 3rd period - Stopped by Semyon Varlamov with a rebound.
15:35 of 3rd period - Jason Zucker is hit by Johnny Gaudreau and loses puck.
15:51 of 3rd period - Icing by Brayden McNabb.
15:52 of 3rd period - Carl Soderberg wins face-off versus Evgeny Kuznetsov in ST.LOUIS zone.
16:15 of 3rd period - Shot by Jaden Schwartz.
16:15 of 3rd period - Shot Misses the Net.
16:27 of 3rd period - Shot by Carl Soderberg.
16:27 of 3rd period - Shot Misses the Net.
16:29 of 3rd period - Shot by Brett Connolly.
16:29 of 3rd period - Shot Misses the Net.
17:50 of 3rd period - Shot by Johnny Gaudreau.
17:50 of 3rd period - Shot Misses the Net.
17:57 of 3rd period - Johnny Gaudreau is hit by Jake McCabe and loses puck.
18:05 of 3rd period - Icing by Trevor van Riemsdyk.
18:06 of 3rd period - Evgeny Kuznetsov wins face-off versus Carl Soderberg in ANAHEIM zone.
18:06 of 3rd period - Jake McCabe is hit by Jaden Schwartz and loses puck.
18:41 of 3rd period - Shot by Jaden Schwartz.
18:41 of 3rd period - Stopped by Juuse Saros without a rebound.
18:42 of 3rd period - Brett Howden wins face-off versus Connor McDavid in ANAHEIM zone.
19:05 of 3rd period - Shot by Connor McDavid.
19:05 of 3rd period - Shot Misses the Net.
19:07 of 3rd period - Shot by Jason Zucker.
19:07 of 3rd period - Stopped by Semyon Varlamov without a rebound.
19:08 of 3rd period - Johnny Gaudreau wins face-off versus Connor McDavid in ST.LOUIS zone.
19:19 of 3rd period - Shot by Connor McDavid.
19:19 of 3rd period - Shot Misses the Net.
19:26 of 3rd period - Off-side.
19:27 of 3rd period - Ryan Johansen wins face-off versus Connor McDavid in neutral zone.
19:30 of 3rd period - ST.LOUIS, Semyon Varlamov is pulled from the net.
19:36 of 3rd period - Shot by Andy Greene.
19:36 of 3rd period - Shot Blocked by Joel Edmundson.
19:40 of 3rd period - Shot by Jeff Carter.
19:40 of 3rd period - Stopped by Juuse Saros without a rebound.
19:41 of 3rd period - Ryan Johansen wins face-off versus Connor McDavid in ANAHEIM zone.
19:42 of 3rd period - Shot by Darnell Nurse.
19:42 of 3rd period - Stopped by Juuse Saros with a rebound.
19:44 of 3rd period - Shot by Andy Greene.
19:44 of 3rd period - Shot Misses the Net.
19:46 of 3rd period - Shot by Darnell Nurse.
19:46 of 3rd period - Stopped by Juuse Saros without a rebound.
19:47 of 3rd period - Ryan Johansen wins face-off versus Connor McDavid in ANAHEIM zone.
19:50 of 3rd period - Shot by Ryan Johansen.
19:50 of 3rd period - Shot Misses the Net.
19:52 of 3rd period - Shot by Ryan Johansen.
19:52 of 3rd period - Stopped by Juuse Saros without a rebound.
19:53 of 3rd period - Ryan Johansen wins face-off versus Patric Hornqvist in ANAHEIM zone.
Goals for this period are 1 for ST.LOUIS vs 1 for ANAHEIM.
Shots for this period are 12 for ST.LOUIS vs 16 for ANAHEIM.